 Dungeon Crawl Stone Soup version 0.18.0-2-g198d6d4 (webtiles) character file.

784 imoen the Martial Artist (level 7, -3/38 HPs)
             Began as a Vine Stalker Monk on May 5, 2016.
             Was a Believer of Cheibriados.
             Slain by dvd's ghost (7 damage)
             ... on level 5 of the Dungeon.
             The game lasted 00:12:02 (1395 turns).

imoen the Martial Artist (Vine Stalker Monk)        Turns: 1395, Time: 00:12:03

Health: -3/38      AC: 11    Str: 18    XL:     7   Next: 86%
Magic:  0/8        EV:  6    Int: 15    God:    Cheibriados [**....]
Gold:   66         SH:  0    Dex: 24    Spells: 0 memorised, 6 levels left

rFire  . . .     SeeInvis .       - Unarmed
rCold  . . .     Gourm    .     k - +0 plate armour
rNeg   . . .     Faith    .     (no shield)
rPois  .         Spirit   +     r - +0 helmet
rElec  .         Dismiss  .     (no cloak)
rCorr  .         Reflect  .     (no gloves)
SustAt .         Harm     .     (no boots)
MR     .....                    n - amulet of rage
Stlth  ..........               (no ring)
                                (no ring)

@: very slow, not resistant to hostile enchantments, extremely unstealthy
A: fangs 2, regeneration 2, magic shield, antimagic bite, no device heal 3, rot
immunity
a: Bend Time, Renounce Religion, Evoke Berserk Rage


You were on level 5 of the Dungeon.
You worshipped Cheibriados.
Cheibriados was pleased with you.
You were not hungry.

You visited 1 branch of the dungeon, and saw 5 of its levels.

You collected 66 gold pieces.

Inventory:

Armour
 k - a +0 plate armour (worn)
   (You found it on level 3 of the Dungeon)
 r - a +0 helmet (worn)
   (You took it off Robin on level 4 of the Dungeon)
Jewellery
 n - an amulet of rage (around neck)
   (You found it on level 3 of the Dungeon)
Wands
 m - a wand of disintegration (23/24)
   (You found it on level 3 of the Dungeon)
Scrolls
 e - 8 scrolls of identify {unknown}
 f - 3 scrolls of remove curse {unknown}
 h - a scroll of teleportation {unknown}
 i - a scroll of enchant armour {unknown}
 l - 3 scrolls of amnesia {unknown}
 q - a scroll of fog {unknown}
 v - a scroll of noise {unknown}
Potions
 a - a potion of cure mutation {unknown}
 g - 2 potions of heal wounds {unknown}
 j - a potion of curing {unknown}
 o - 2 potions of haste {unknown}
 p - a potion of lignification {unknown}
 t - a potion of resistance {unknown}
 u - a potion of flight {unknown}
 x - a potion of ambrosia {unknown}
Comestibles
 b - 2 bread rations
 s - 2 meat rations


   Skills:
 + Level 4.7 Fighting
 - Level 2.4 Dodging
 - Level 2.4 Stealth
 - Level 8.4 Unarmed Combat


You had 6 spell levels left.
You didn't know any spells.

Dungeon Overview and Level Annotations

Branches:
Dungeon (5/15)
 Temple: D:4-7

Altars:
Cheibriados
Dithmenos
Nemelex Xobeh
Ru
Xom
Zin
The Shining One

Annotations:
D:5 dvd's ghost, novice OgHu


Innate Abilities, Weirdness & Mutations

You have extremely sharp teeth.
You heal very quickly.
When hurt, damage is shared between your health and your magic reserves.
Your bite disrupts and absorbs the magic of your enemies.
Potions and wands cannot restore your health.
You are immune to rotting.


Message History

s - 2 meat rations (gained 1)
You regained 2 hp, and now have 37/38 hp.
Health restored: 38
x - a bubbling dark potion A giant newt comes into view.
The giant newt barely misses you.
You hit the giant newt but do no damage.
You bite the giant newt. You drain its power. You closely miss the giant newt.
Your bite misses the giant newt.
The giant newt bites you but does no damage.
You hit the giant newt but do no damage.
Your punch misses the giant newt.
You bite the giant newt, but do no damage.
The giant newt barely misses you.
You miss the giant newt. You bite the giant newt. You drain its power.
You kill the giant newt!
Cheibriados appreciates the change of pace.
You are feeling hungry.
You see here a giant newt corpse.
Eating a chunk of flesh.
You continue eating. x2
You see here 2 bolts.
f - 3 scrolls labeled INANTEYKOS (gained 1)
There is a stone staircase leading down here.
You climb downwards.
There is a stone staircase leading up here.
Unknown command.
Unknown command.
You see here a hunting sling.
You open the door.
Dvd's ghost (novice Ogre Hunter) comes into view.
Dvd's ghost turns its malevolent gaze towards you.
Here: dvd's ghost The floor.
Unknown command.
Unknown command.
Dvd's ghost takes a fighting stance.
Okay, then.
Unknown command.
The flow of time bends around you.
Dvd's ghost resists with some effort.
You feel slightly more hungry.
Cheibriados lowers the support of your attributes as your movement quickens.
Dvd's ghost closely misses you.
You now have 5/8 mp.
Unknown command.
The flow of time bends around you.
Dvd's ghost resists with some effort.
You feel slightly more hungry. Dvd's ghost hits you!!
* * * LOW HITPOINT WARNING * * *
You take 18 damage, and have 20/38 hp.
MASSIVE DAMAGE!!
You now have 2/8 mp.
Your plate armour prevents you from hitting dvd's ghost.
You bite dvd's ghost, but do no damage. Dvd's ghost closely misses you.
Unknown command.
You punch dvd's ghost! Your bite misses dvd's ghost. Dvd's ghost hits you.
* * * LOW HITPOINT WARNING * * *
You take 2 damage, and have 18/38 hp.
Unknown command.
Read which item? (? for menu, Esc to quit)
Okay, then.
Drink which item? (? for menu, Esc to quit)
Okay, then.
You miss dvd's ghost. You bite dvd's ghost. You drain its power.
You feel invigorated.
You regained 2 mp, and now have 4/8 mp.
Unknown command.
You punch dvd's ghost! You bite dvd's ghost, but do no damage.
Dvd's ghost hits you!
* * * LOW HITPOINT WARNING * * *
You take 7 damage, and have 12/38 hp.
You now have 3/8 mp.
Unknown command.
You hit dvd's ghost. You bite dvd's ghost. You drain its power.
You feel invigorated. Dvd's ghost hits you!
* * * LOW HITPOINT WARNING * * *
You take 5 damage, and have 7/38 hp.
Unknown command.
Okay, then.
Drink which item? (? for menu, Esc to quit)
Okay, then.
Read which item? (? for menu, Esc to quit)
Okay, then.
You punch dvd's ghost! Your bite misses dvd's ghost. Dvd's ghost hits you.
* * * LOW HITPOINT WARNING * * *
You take 4 damage, and have 3/38 hp.
You now have 2/8 mp.
Unknown command.
Drink which item? (? for menu, Esc to quit)
Okay, then.
Read which item? (? for menu, Esc to quit)
As you read the scroll labeled ROEHYECSYF, it crumbles to dust.
The creatures around you are filled with an inner flame!
It was a scroll of immolation.
Dvd's ghost barely misses you.
Unknown command.
Read which item? (? for menu, Esc to quit)
As you read the scroll labeled GAPNOO ASAUF, it crumbles to dust.
It is a scroll of recharging.
Charge which item? (? for menu, Esc to quit)
Your wand of disintegration glows for a moment.
Dvd's ghost takes a fighting stance.
Dvd's ghost hits you!
You die...

#.# #.#####.#
........####
#+#####....##########
. #.##..........# ..
#.##########.## ...
#.....#......<# ....
#####.#....#.## .....
#@###.##.#
......######W# #.##.#
......'......# #.##.#
......######## #.##.#
...$. #.##.# ....
#.##.# ... #.##)# ..
#....# # ####..#


You could see dvd's ghost (inner flame).

Vanquished Creatures
  Grinder (D:3)
  Sigmund (D:3)
  Menkaure (D:4)
  2 hounds
  Terence (D:3)
  An iguana (D:4)
  An orc wizard (D:3)
  A worker ant (D:4)
  The ghost of imoen the Ruffian, a weakling VSMo (D:4)
  Robin (D:4)
  4 adders
  4 gnolls (D:4)
  An ooze (D:3)
  An adder zombie (D:3)
  2 giant geckos
  6 orcs
  A ball python (D:4)
  2 bats
  3 giant cockroaches
  8 goblins
  6 hobgoblins
  2 giant newts
  5 kobolds
  4 rats
60 creatures vanquished.

Notes
Turn   | Place    | Note
--------------------------------------------------------------
     0 | D:1      | imoen the Vine Stalker Monk began the quest for the Orb.
     0 | D:1      | Reached XP level 1. HP: 11/11 MP: 2/2
    95 | D:2      | Reached XP level 2. HP: 15/16 MP: 3/3
   169 | D:3      | Reached skill level 5 in Unarmed Combat
   169 | D:3      | Reached XP level 3. HP: 6/19 MP: 1/4
   300 | D:3      | Reached XP level 4. HP: 20/23 MP: 5/5
   339 | D:3      | Found a glowing golden altar of the Shining One.
   354 | D:3      | Noticed Grinder
   367 | D:3      | Killed Grinder
   367 | D:3      | Reached skill level 7 in Unarmed Combat
   367 | D:3      | Reached XP level 5. HP: 9/27 MP: 6/6
   367 | D:3      | Gained mutation: You heal very quickly. [Vine Stalker growth]
   367 | D:3      | Reached XP level 6. HP: 10/32 MP: 7/7
   485 | D:3      | Found a shimmering altar of Xom.
   504 | D:3      | Found a sacrificial altar of Ru.
   583 | D:3      | Noticed Sigmund
   595 | D:3      | Noticed Terence
   601 | D:3      | Killed Terence
   611 | D:3      | Killed Sigmund
   611 | D:3      | Reached skill level 8 in Unarmed Combat
   611 | D:3      | Reached XP level 7. HP: 35/35 MP: 6/8
   719 | D:3      | Found a snail-covered altar of Cheibriados.
   721 | D:3      | Found a shadowy altar of Dithmenos.
   725 | D:3      | Became a worshipper of Cheibriados the Contemplative
   725 | D:3      | Reached * piety under Cheibriados
   725 | D:3      | Reached ** piety under Cheibriados
   836 | D:4      | Noticed Robin
   839 | D:4      | Found a glowing silver altar of Zin.
   844 | D:4      | Reached skill level 3 in Fighting
   851 | D:4      | Killed Robin
   972 | D:4      | Noticed Menkaure
   985 | D:4      | Killed Menkaure
   985 | D:4      | Reached skill level 4 in Fighting
  1046 | D:4      | Noticed imoen's ghost (weakling VSMo)
  1053 | D:4      | Killed imoen's ghost
  1112 | D:4      | Found a sparkling altar of Nemelex Xobeh.
  1266 | D:5      | Entered Level 5 of the Dungeon
  1379 | D:5      | Noticed dvd's ghost (novice OgHu)
  1392 | D:5      | HP: 7/38 [dvd's ghost (6)]
  1393 | D:5      | HP: 3/38 [dvd's ghost (4)]
  1395 | D:5      | Slain by dvd's ghost

Skill      XL: |  1  2  3  4  5  6  7 |
---------------+----------------------+-----
Unarmed Combat | 5 7 8 |  8.4
Fighting       | 4 |  4.7
Dodging        | |  2.4
Stealth        | |  2.4

Action                   |  1- 3 |  4- 6 |  7- 9 || total
-------------------------+-------+-------+-------++-------
Melee: Unarmed           |    46 |    57 |    78 ||   181
       Bite              |    10 |    20 |    33 ||    63
       Punch             |     2 |     2 |     2 ||     6
Invok: Bend Time         |       |       |     3 ||     3
 Abil: Evoke Berserk Rag |       |     1 |       ||     1
  Use: Scroll            |       |       |     2 ||     2
 Stab: Sleeping          |     2 |       |       ||     2
  Eat: Chunk             |       |       |     2 ||     2
Armor: Robe              |     8 |       |       ||     8
       Plate armour      |    13 |    24 |    44 ||    81
Dodge: Dodged            |    20 |     6 |    26 ||    52

Vault maps used:
D:1:      tarquinn_simple_flora_water_f
D:2:      first_bread, uniq_iyjb
D:3:      gammafunk_temple_overflow_statue, nicolae_overflow_hidden_temple,
          uniq_grinder, uniq_sigmund, uniq_terence
D:4:      corexii_shack_village, lemuel_crystal_altar, nemelex_deck,
          uniq_duvessa, uniq_menkaure, uniq_robin
D:5:      grunt_temple_overflow_open, minmay_temple_entry_overgrown, uniq_edmund

Table legend:
 A = Turns spent in this place as a percentage of turns spent in the entire game.
 B = Non-inter-level travel turns spent in this place as a percentage of non-inter-level travel turns spent in the entire game.
 C = Inter-level travel turns spent in this place as a percentage of turns spent in this place.
 D = Turns resting spent in this place as a percentage of non-inter-level travel turns spent in this place.
 E = Turns spent auto-exploring this place as a percentage of non-inter-level travel turns spent in this place.
 F = Non-inter-level travel turns spent in this place divided by the number of levels of this place that you've seen.
                   A       B       C       D       E      F
               +-------+-------+-------+-------+-------+----------------------
         Total | 100.0 | 100.0 |   0.6 |   0.2 |   0.2 | 234.8
       Dungeon | 100.0 | 100.0 |   0.6 |   0.2 |   0.2 | 234.8
               +-------+-------+-------+-------+-------+----------------------

Table legend:
 A = Kills in this place as a percentage of kills in entire the game.
 B = Kills by you in this place as a percentage of kills by you in the entire game.
 C = Kills by friends in this place as a percentage of kills by friends in the entire game.
 D = Other kills in this place as a percentage of other kills in the entire game.
 E = Experience gained in this place as a percentage of experience gained in the entire game.
 F = Experience gained in this place divided by the number of levels of this place that you have seen.
                   A       B       C       D       E      F
               +-------+-------+-------+-------+-------+----------------------
         Total | 100.0 | 100.0 |  -nan |  -nan | 100.0 | 224.2
       Dungeon | 100.0 | 100.0 |  -nan |  -nan | 100.0 | 224.2
               +-------+-------+-------+-------+-------+----------------------
